 Dungeon Crawl Stone Soup version 0.29-a0-541-gaf1fc19f1b (webtiles) character file.

Game seed: 94486912277035108

231 Hubjo the Firebug (level 5, -3/31 HPs)
             Began as a Deep Elf Fire Elementalist on June 2, 2022.
             Was an Initiate of Ashenzari.
             Slain by a gnoll
             ... wielding a +0 spear
              (9 damage)
             ... on level 4 of the Dungeon.
             The game lasted 00:03:03 (3468 turns).

Hubjo the Firebug (Deep Elf Fire Elementalist)      Turns: 3468, Time: 00:03:04

Health: -3/31      AC:  2    Str:  5    XL:     5   Next: 73%
Magic:  1/13       EV: 12    Int: 22    God:    Ashenzari [......]
Gold:   96         SH:  0    Dex: 15    Spells: 7/12 levels left

rFire   . . .      SeeInvis .   e - +2 whip (freeze)
rCold   . . .      Faith    .   (no shield)
rNeg    . . .      Spirit   .   a - +0 robe
rPois   .          Reflect  .   (no helmet)
rElec   .          Harm     .   (no cloak)
rCorr   .          Rampage  .   (no gloves)
Will    .....                   (no boots)
Stlth   +++.......              (no amulet)
HPRegen 0.10/turn               (no ring)
MPRegen 0.13/turn               (no ring)

@: no status effects
A: no striking features
a: Renounce Religion, Curse Item


You were on level 4 of the Dungeon.
You worshipped Ashenzari.
Ashenzari was noncommittal.
You visited 1 branch of the dungeon, and saw 4 of its levels.

You collected 96 gold pieces.

Inventory:

Hand Weapons
 e - a +2 whip of freezing (weapon)
Armour
 a - a +0 robe (worn)
Jewellery
 n - a ring of flight
Wands
 m - a wand of polymorph (14)
Scrolls
 c - 2 scrolls of immolation {unknown}
 f - a scroll of summoning {unknown}
 j - 2 scrolls of blinking {unknown}
 l - 3 scrolls of identify {unknown}
 o - a scroll of vulnerability {unknown}
 q - a scroll of enchant armour {unknown}
Potions
 b - a potion of magic
 d - a potion of mutation {unknown}
 g - a potion of might {unknown}
 h - 2 potions of resistance {unknown}
 i - a potion of ambrosia {unknown}
 k - 3 potions of haste {unknown}
 p - a potion of berserk rage {unknown}


   Skills:
 + Level 2.6 Fighting
 - Level 2.4 Dodging
 + Level 4.0 Stealth
 + Level 4.4 Spellcasting
 - Level 1.1 Conjurations
 * Level 4.5 Fire Magic


You had 7 spell levels left.
You knew the following spells:

 Your Spells              Type           Power      Damage    Failure   Level
a - Foxfire               Conj/Fire      68%        2x1d7     3%          1
b - Flame Wave            Conj/Fire      17%        2d6       32%         4

Your spell library contained the following spells:

 Spells                   Type           Power      Damage    Failure   Level
 Scorch                   Fire           48%        2d7       2%          2
 Magic Dart               Conj           36%        1d4       7%          1
 Conjure Flame            Conj/Fire      17%        6-21      10%         3
 Sandblast                Erth           8%         2d5       11%         1
 Searing Ray              Conj           18%        2d5       11%         2
 Inner Flame              Hex/Fire       14%        N/A       13%         3
 Call Imp                 Summ           4%         N/A       16%         2
 Passwall                 Tmut/Erth      3%         N/A       16%         2
 Stone Arrow              Conj/Erth      14%        3d7       26%         3
 Mephitic Cloud           Conj/Pois/Air  6%         N/A       28%         3
 Fulminant Prism          Conj/Hex       3%         3d6       65%         4


Dungeon Overview and Level Annotations

Branches:
Dungeon (4/15)
 Temple: D:4-7

Altars:
Ashenzari


Message History

You conjure some foxfire!
The foxfire hits the gnoll but does no damage.
The gnoll is lightly wounded.
The foxfire hits the gnoll but does no damage.
The gnoll is lightly wounded.
The foxfire hits the gnoll!
The gnoll is severely wounded.
The gnoll hits you but does no damage. The gnoll misses you.
Casting: Foxfire (safe; 3% risk of failure)
Confirm with . or Enter, or press ? or * to list all spells.
You conjure some foxfire!
The foxfire hits the gnoll.
The gnoll is severely wounded.
The gnoll barely misses you. The gnoll completely misses you.
Casting: Foxfire (safe; 3% risk of failure)
Confirm with . or Enter, or press ? or * to list all spells.
You conjure some foxfire!
The foxfire hits the gnoll but does no damage.
The gnoll is severely wounded.
The foxfire hits the gnoll.
You kill the gnoll!
The foxfire hits the gnoll.
The gnoll is moderately wounded.
The gnoll hits you from afar with a +0 spear.
* * * LOW HITPOINT WARNING * * *
Casting: Foxfire (safe; 3% risk of failure)
Confirm with . or Enter, or press ? or * to list all spells.
You conjure some foxfire!
The foxfire hits the gnoll.
The gnoll is lightly wounded.
The foxfire hits the gnoll.
The gnoll is moderately wounded.
The gnoll barely misses you.
You closely miss the gnoll.
The gnoll is moderately wounded.
The foxfire hits the gnoll.
The gnoll is severely wounded.
The foxfire hits the gnoll.
The gnoll is heavily wounded.
The gnoll closely misses you. x2
The gnoll hits you from afar with a +0 spear!
You die...

##... #
...# ## .
.... . #.
... .#
#.#..##.#
#.#)#g#
#.g.####.#
#@......#
#.#######
########.#
#......#.#
#<####.#.#
#.# #.#.#
#.# #.#.#
#.####.#.#
#........#


You could see 2 gnolls.

Vanquished Creatures
  2 necrophages
  Ijyb (D:3)
  2 gnolls (D:4)
  2 adders (D:2)
  A dart slug (D:2)
  3 orcs
  3 ball pythons
  2 endoplasms
  3 giant cockroaches
  3 goblins (D:1)
  6 hobgoblins
  3 bats
  5 frilled lizards
  4 kobolds
  7 rats
47 creatures vanquished.

Vanquished Creatures (collateral kills)
  7 foxfires (D:1)
7 creatures vanquished.

Vanquished Creatures (others)
  222 foxfires
222 creatures vanquished.

Grand Total: 276 creatures vanquished

Notes
Turn   | Place    | Note
-------+----------+-------------------------------------------
     0 | D:1      | Hubjo the Deep Elf Fire Elementalist began the quest for
                  | the Orb.
     0 | D:1      | Reached XP level 1. HP: 10/10 MP: 6/6
   495 | D:1      | Found a faded altar of an unknown god.
   501 | D:1      | Reached XP level 2. HP: 16/16 MP: 8/8
   508 | D:1      | Prayed at the altar of an unknown god.
   508 | D:1      | Became a worshipper of Ashenzari the Shackled
   893 | D:1      | Reached skill level 1 in Fighting
  1343 | D:2      | Reached XP level 3. HP: 20/20 MP: 5/9
  2256 | D:3      | Noticed Ijyb
  2263 | D:3      | Killed Ijyb
  2264 | D:3      | Reached XP level 4. HP: 26/26 MP: 3/11
  2756 | D:3      | Noticed a necrophage
  2762 | D:3      | Killed a necrophage
  2763 | D:3      | Reached XP level 5. HP: 31/31 MP: 7/13
  2768 | D:3      | Learned a level 4 spell: Flame Wave
  3468 | D:4      | Slain by a gnoll

Illustrated notes

Levels and vault maps discovered:
D:1:      eino_arrival_druids_welcome, layout_rooms,
          ebering_ecumenical_altar_abandoned, st_stairs_5
D:2:      layout_rooms, minmay_misc_feat_room, bh_walls_and_bars
D:3:      layout_basic, uniq_ijyb
D:4:      layout_loops_corners, minmay_temple_entry_waves

Skill      XL: |  1  2  3  4  5 |
---------------+----------------+-----
Fighting       | 1 2 |  2.6
Stealth        | 3 4 |  4.0
Spellcasting   | 4 |  4.4
Fire Magic     | 4 |  4.5
Dodging        | |  2.4
Conjurations   | |  1.1

Action                   |  1- 3 |  4- 6 || total
-------------------------+-------+-------++-------
Melee: Whip              |    15 |    14 ||    29
 Cast: Foxfire           |    86 |    52 ||   138
 Stab: Sleeping          |     1 |     1 ||     2
Armor: Robe              |     5 |     3 ||     8
Dodge: Dodged            |    23 |    24 ||    47

Table legend: (Time is in decaauts)
 A = Elapsed time spent in this place.
 B = Non-inter-level travel time spent in this place.
 C = Inter-level travel time spent in this place.
 D = Time resting spent in this place.
 E = Time spent auto-exploring this place.
 F = Levels seen in this place.
 G = Mean time per level.
                   A        B        C        D        E       F      G
               +--------+--------+--------+--------+--------+-----+--------+
         Total |   3469 |   3325 |    144 |      0 |   2972 |   4 |  867.2 |
       Dungeon |   3469 |   3325 |    144 |      0 |   2972 |   4 |  867.2 |
               +--------+--------+--------+--------+--------+-----+--------+

Top non-repeatable levels by time:
     D:1: 1337 daAuts
     D:3: 968 daAuts
     D:2: 879 daAuts
     D:4: 283 daAuts
